 Dungeon Crawl Stone Soup version 0.18.1-8-gdd0e5ea (webtiles) character file.

452 protoss039 the Shield-Bearer (level 7, -4/44 HPs)
             Began as a Gargoyle Fighter on June 7, 2016.
             Killed by divine providence
             ... invoked by an orc priest
              (14 damage)
             ... on level 4 of the Dungeon.
             The game lasted 00:13:44 (3918 turns).

protoss039 the Shield-Bearer (Gargoyle Fighter)     Turns: 3918, Time: 00:13:45

Health: -4/44      AC: 13    Str: 21      XL:     7   Next: 4%
Magic:  16/16      EV:  8    Int:  7 (8)  God:
Gold:   115        SH: 11    Dex:  9 (10) Spells: 0 memorised, 6 levels left

rFire  . . .     SeeInvis .     q - +2 flail (crush)
rCold  . . .     Gourm    .     b - +0 scale mail
rNeg   + . .     Faith    .     c - +1 shield
rPois  ∞         Spirit   .     n - +0 helmet
rElec  +         Dismiss  .     (no cloak)
rCorr  .         Reflect  .     (no gloves)
SustAt +         Harm     .     (no boots)
MR     .....                    (no amulet)
Stlth  ..........               k - ring of magical power
                                h - ring of sustain attributes

@: not resistant to hostile enchantments, extremely unstealthy
A: negative energy resistance 1, electricity resistance, unbreathing,
petrification resistance, rot immunity, AC +4
a: no special abilities


You were on level 4 of the Dungeon.
You were hungry.

You visited 1 branch of the dungeon, and saw 4 of its levels.

You collected 137 gold pieces.
You spent 22 gold pieces at shops.

Inventory:

Hand Weapons
 q - a +2 flail of crushing (weapon)
Armour
 b - a +0 scale mail (worn)
 c - a +1 shield (worn)
 n - a +0 helmet (worn)
Jewellery
 h - a ring of sustain attributes (left hand)
 k - a ring of magical power (right hand)
Scrolls
 e - a scroll of fear
 g - a scroll of teleportation
 l - 2 scrolls of remove curse
 o - a scroll of identify
Potions
 d - a potion of might
Comestibles
 f - 5 bread rations
 i - a royal jelly
 j - 4 meat rations
 r - a beef jerky


   Skills:
 + Level 4.3 Fighting
 + Level 3.2 Maces & Flails
 + Level 4.6 Armour
 + Level 2.4 Dodging
 + Level 0.8 Stealth
 + Level 5.3 Shields


You had 6 spell levels left.
You didn't know any spells.

Dungeon Overview and Level Annotations

Branches:
Dungeon (4/15)
 Temple: D:4-7

Altars:
Trog

Shops:
D:4 %[*?


Innate Abilities, Weirdness & Mutations

You are resistant to torment.
Your stone body is resilient (AC +4).
You are immune to poison.
You resist negative energy.
You are resistant to electric shocks.
You can survive without breathing.
You are immune to petrification.
You are immune to rotting.


Message History

You barely miss something.
The orc priest invokes the aid of Beogh against you.
Beogh smites you!
* * * LOW HITPOINT WARNING * * *
Something hits you but does no damage.
You are too injured to fight recklessly!
You are too injured to fight recklessly!
Unknown command.
As you read the scroll of fear, it crumbles to dust.
You assume a fearsome visage.
The orc priest looks frightened! x2
You see here a morningstar.
You hit something.
Cornered, the orc priest turns to fight!
The orc priest hits you but does no damage.
You barely miss the orc priest.
The orc priest hits you but does no damage.
You hit the orc priest but do no damage.
The orc priest mumbles some strange prayers to Beogh against you.
Beogh smites you!
You die...

#.#....##.#.#........#
#.#..................#
#.##..#.#.#.#........#
..###...#.#.#........# ###
#..##.#.#........#
.#####.##.#.#........######
.......##.#.######.........
.#####..#..o.{..o#.########
.#####..###.####@#.#
.........##.).)..#.# #######
..####...##..#####.###......
.....#....#..# #.....#
.....+..#.#..# #.##..#
#....####)#..########..#####
..........)..#......#......#
##.######.#.##.####.##.###.#
#.######.#.##.# #...#.###.#


You could see 2 orc priests.

Vanquished Creatures
  2 scorpions (D:4)
  A howler monkey (D:4)
  The ghost of juanjsm the Insei, a weakling OpTm (D:4)
  A hound (D:4)
  2 orc wizards (D:4)
  9 gnolls
  2 adders (D:4)
  An ooze (D:1)
  8 worms
  2 dart slugs
  A giant gecko (D:3)
  4 orcs
  3 giant cockroaches
  6 goblins
  5 hobgoblins (D:2)
  3 ball pythons
  8 bats
  2 giant newts
  7 kobolds
  9 rats
77 creatures vanquished.

Notes
Turn   | Place    | Note
--------------------------------------------------------------
     0 | D:1      | protoss039 the Gargoyle Fighter began the quest for the Orb.
     0 | D:1      | Reached XP level 1. HP: 14/14 MP: 1/1
   415 | D:1      | Reached XP level 2. HP: 15/19 MP: 2/2
   661 | D:1      | Reached XP level 3. HP: 16/23 MP: 3/3
  1027 | D:2      | Reached skill level 4 in Shields
  1584 | D:2      | Reached skill level 1 in Dodging
  1584 | D:2      | Reached XP level 4. HP: 22/28 MP: 4/4
  2390 | D:3      | Reached XP level 5. HP: 30/33 MP: 5/5
  2770 | D:4      | Noticed juanjsm's ghost (weakling OpTm)
  2777 | D:4      | Killed juanjsm's ghost
  2890 | D:4      | Reached XP level 6. HP: 38/38 MP: 6/6
  3031 | D:4      | Reached skill level 5 in Shields
  3104 | D:4      | Found Doicuapt's General Store.
  3104 | D:4      | Found Neofoz's Magic Scroll Shoppe.
  3543 | D:4      | Found Ekuep's Armour Shoppe.
  3581 | D:4      | Reached XP level 7. HP: 44/44 MP: 7/7
  3593 | D:4      | Bought a scroll of identify for 22 gold pieces
  3672 | D:4      | Noticed a moth of wrath
  3694 | D:4      | Found a bloodstained altar of Trog.
  3814 | D:4      | Found Gyekkyh's Food Emporium.
  3918 | D:4      | Killed from afar by an orc priest

Skill      XL: |  1  2  3  4  5  6 |
---------------+-------------------+-----
Shields        | 4 5 |  5.3
Dodging        | 1 2 |  2.4
Armour         | 4 |  4.6
Fighting       | 4 |  4.3
Maces & Flails | 3 |  3.2
Stealth        | |  0.8

Action                   |  1- 3 |  4- 6 |  7- 9 || total
-------------------------+-------+-------+-------++-------
Melee: Flail             |   166 |   222 |    28 ||   416
  Use: Scroll            |     6 |     5 |     2 ||    13
       Potion            |       |     6 |       ||     6
  Eat: Chunk             |     2 |     7 |     1 ||    10
Armor: Scale mail        |   101 |   115 |     7 ||   223
Dodge: Dodged            |    57 |    56 |     9 ||   122
Block: Shield            |    94 |   134 |    15 ||   243
